Cogmind - Beta 16 @@@ ROGUE MODE // 2026.01.02 @ 21:41:10 Player: Gatamar Result: Destroyed by JW-7XF(R) with Subdweller Shrapnel Launcher Performance ------------- Evolutions (0) 0 Regions Visited (3) 600 Robots Destroyed (15) 75 Value Destroyed (546) 546 Prototype IDs (12) 240 Alien Tech Used (0) 0 Bonus (0) 0 TOTAL SCORE: 1461 Bonus ------- None Cogmind --------- Core Integrity 0/250 Matter 242/300 Energy 125/125 System Corruption 2% Temperature Cool (0) Movement Walking (1520) Ox20 Location -10/Subcaves Parts ------- > --- POWER (1) -------- Light Ion Engine > --- PROPULSION (2) --- Aluminum Leg > --- UTILITY (2) ------ Humpback > --- WEAPON (2) ------- Battle Rifle Heavy Battle Rifle > --- INVENTORY (35) --- Ion Engine Small Storage Unit Structural Scanner Small Laser Heavy Assault Rifle Subdweller Shrapnel Launcher Mining Laser Mining Laser Flamer Peak State ------------ > --- POWER ------------ Improved Ion Engine > --- PROPULSION ------- Light Treads Light Treads > --- UTILITY ---------- Humpback > --- WEAPON ----------- Heavy Riot Gun Heavy Battle Rifle > --- INVENTORY -------- Ion Engine Light Ion Engine Aluminum Leg Aluminum Leg Small Storage Unit Structural Scanner Small Laser Heavy Assault Rifle Battle Rifle Subdweller Shrapnel Launcher Mining Laser Mining Laser Flamer [Rating: 15] Favorites ----------- Power Improved Ion Engine Engine Improved Ion Engine Power Core Light Nuclear Core Propulsion Light Treads Treads Light Treads Leg Aluminum Leg Utility Small Storage Unit Device Structural Scanner Storage Small Storage Unit Processor Targeting Computer Weapon Mining Laser Energy Gun Heavy Riot Gun Ballistic Gun Heavy Assault Rifle Special Weapon Mining Laser Build | -11 -10 -10 -10 ------- Run | Yrd Mat Min Sub Slots Evolved . | . . . . Power . | . . . . Propulsion . | . . . . Utility . | . . . . Weapon . | . . . . Parts Attached 22 | 7 2 5 8 Power 4 | 2 . 2 . Engine 3 | 2 . 1 . Core 1 | . . 1 . Reactor . | . . . . Propulsion 5 | 2 . 1 2 Treads 3 | 2 . 1 . Leg 2 | . . . 2 Wheel . | . . . . Hover . | . . . . Flight . | . . . . Utility 4 | 1 1 1 1 Device 1 | . 1 . . Storage 2 | 1 . . 1 Processor 1 | . . 1 . Hackware . | . . . . Protection . | . . . . Artifact . | . . . . Weapon 9 | 2 1 1 5 Energy Gun 3 | 1 1 . 1 Energy Cannon . | . . . . Ballistic Gun 4 | 1 . 1 2 Ballistic Cannon . | . . . . Launcher . | . . . . Special Weapon 2 | . . . 2 Impact Weapon . | . . . . Slashing Weapon . | . . . . Piercing Weapon . | . . . . Special Melee Weapon . | . . . . Unidentified Prototypes . | . . . . Parts Lost 9 | . 1 3 5 Power 2 | . . 1 1 Propulsion 4 | . . 1 3 Utility . | . . . . Weapon 3 | . 1 1 1 Highest Loss Streak 3 | . 1 3 2 To Critical Strikes . | . . . . Average Backups 8 | 1 3 6 10 Power 1 | . 1 1 1 Propulsion 1 | . 2 2 1 Utility 1 | . . . 1 Weapon 3 | . . 2 5 Tool/Special . | . . . . Unused Backups 2 | . . . 2 Power . | . . . . Propulsion . | . . . . Utility . | . . . . Weapon 2 | . . . 2 Tool/Special . | . . . . Average Slot Usage (%) 91 | . 97 98 88 Engine 12 | . 14 8 13 Core 1 | . . 5 . Treads 24 | . 28 27 23 Leg 2 | . . . 4 Device 3 | . 11 9 . Storage 14 | . 14 14 14 Processor 3 | . . 4 3 Energy Gun 11 | . 13 14 9 Ballistic Gun 10 | . 14 13 8 Special Weapon 6 | . . . 9 Peak Build Rating 15 | 6 7 10 15 Average Rating 10 | 4 6 8 11 On Entrance 5 | . 6 7 9 Avg Prop Armor Cover (%) . | . . . . Naked Turns . | . . . . Heaviest Build 215 | 13 14 17 215 Greatest Support 40 | 40 40 40 40 Greatest Overweight (x) 20 | . . . 20 Average Overweight (x) 1 | . . . 2 Largest Inventory Capacity 35 | 8 8 8 35 Average Capacity 21 | 6 8 8 28 Most Carried 13 | 3 5 7 13 Average Carried 8 | 1 3 6 10 Final Capacity 35 | 8 8 8 35 Final Carried 9 | 3 5 7 9 Class Distribution -------------------- 48% | Hauler-Mutant 41% | Mutant 10% | Scavenger-Mutant Dominant Class ---------------- Mutant | -10/Materials Mutant | -10/Mines Hauler-Mutant | -10/Subcaves Resources | -11 -10 -10 -10 ----------- Run | Yrd Mat Min Sub Matter Collected 547 | 198 99 98 152 Remotely . | . . . . Salvage Created 683 | . 234 213 236 Parts 39 | . 16 11 12 Haulers Intercepted . | . . . . Recyclers Shooed 1 | . 1 . . Parts Field Recycled . | . . . . Retrieved Matter . | . . . . Parts Self-Destructed 8 | . . . 8 Prevented . | . . . . Parts Restored . | . . . . Kills | -11 -10 -10 -10 ------- Run | Yrd Mat Min Sub Combat Hostiles Destroyed 14 | . 5 4 5 Guns 11 | . 4 4 3 AOE 1 | . 1 . . Classes Destroyed 4 | . 2 1 1 Builder 1 | . 1 . . Grunt 7 | . 5 2 . Sentry 2 | . . 2 . Subdweller 5 | . . . 5 Best Kill Streak 3 | . 3 2 2 Combat Bots Only 3 | . 3 2 2 Max Kills in Single Turn 1 | . 1 1 1 Gunslinging . | . . . . Exploded 1 | . 1 . . Melee . | . . . . Uniques/NPCs Destroyed . | . . . . Combat | -11 -10 -10 -10 -------- Run | Yrd Mat Min Sub Hostile Shots Fired 106 | . 24 37 45 Missed 30 | . 5 9 16 Hits 76 | . 19 28 29 Projectile 76 | . 19 28 29 AOE 3 | . . . 3 Damage Taken 1515 | . 242 398 875 Core 268 | . 47 60 161 Absorbed by Shields . | . . . . Core Remaining (%) 100 | 100 . . . Volleys Fired 74 | . 18 20 36 Largest 2 | . 2 2 2 Hottest 100 | . 60 63 100 Shots Fired 131 | . 36 38 57 Gun 116 | . 36 38 42 Cannon . | . . . . Launcher . | . . . . Special 15 | . . . 15 Kinetic 62 | . 18 18 26 Thermal 35 | . . 20 15 Explosive . | . . . . Electromagnetic 34 | . 18 . 16 Robot Hit Streak 33 | . 15 28 33 Robot Miss Streak 3 | . 3 1 1 Penetration Max . | . . . . Secondary Targets . | . . . . Shots Hit Robots 97 | . 26 32 39 Core Hits 27 | . 11 10 6 Critical Kills . | . . . . Critical Parts Destroyed . | . . . . Critical Strikes . | . . . . Melee Attacks . | . . . . Impact . | . . . . Slashing . | . . . . Piercing . | . . . . Sneak Attacks . | . . . . Combat Hostiles . | . . . . Follow-up Attacks . | . . . . Damage Inflicted 1478 | . 341 332 805 Guns 1299 | . 270 332 697 Cannons . | . . . . Explosions 171 | . 63 . 108 Melee . | . . . . Ramming 8 | . 8 . . Kinetic 665 | . 85 140 440 Thermal 363 | . 63 192 108 Explosive . | . . . . Electromagnetic 442 | . 185 . 257 Impact . | . . . . Slashing . | . . . . Piercing . | . . . . Highest Corruption 2 | . 2 2 2 Average Corruption 2 | . 2 2 2 Corruption Purged . | . . . . Corruption Blocked . | . . . . Effects 33 | . 4 7 22 Message Errors 10 | . . 3 7 Matter Fused 12 | . 1 3 8 Heat Flow Errors 4 | . 1 1 2 Energy Discharges 3 | . . . 3 Data Loss (minor) 1 | . 1 . . Data Loss (major) 1 | . . . 1 Misfires 1 | . . . 1 Alerts 1 | . 1 . . Overload Shots . | . . . . Overflow Damage 5 | . 5 . . Projectiles . | . . . . Explosions 5 | . 5 . . Melee . | . . . . Knockbacks . | . . . . Impact . | . . . . Kinetic . | . . . . Secondary . | . . . . Self-Inflicted Damage 76 | . 30 . 46 Shots 2 | . 1 . 1 Rammed 1 | . 1 . . Targets Rammed 2 | . 2 . . Kicked . | . . . . Crushed 1 | . 1 . . Highest Temperature 203 | . 150 203 144 Average Temperature 56 | . 62 49 75 Received Heat Transfer 435 | . 114 186 135 Siege Activations . | . . . . Martial Activations . | . . . . Shielding Activations . | . . . . Robots Disrupted . | . . . . Combat Hostiles . | . . . . Robots Corrupted 2 | . . . 2 Combat Hostiles 2 | . . . 2 Parts Fried 1 | . . . 1 Impact Corruptions . | . . . . Robots Melted . | . . . . Combat Hostiles . | . . . . Parts Melted . | . . . . Heat Transferred 600 | . 50 450 100 Parts Sabotaged . | . . . . Parts Stolen . | . . . . Parts Stripped . | . . . . Power Chain Reactions 2 | . 1 . 1 Alert | -11 -10 -10 -10 ------- Run | Yrd Mat Min Sub Maximum Alert Level . | . . . . Low Security (%) 100 | 100 100 100 . Level 1 . | . . . . Level 2 . | . . . . Level 3 . | . . . . Level 4 . | . . . . Level 5 . | . . . . High Security . | . . . . Max Security . | . . . . Peak Influence 74 | . 74 35 . Initial 21 | . . 21 . Average 6 | . 10 5 . Influence Increases 235 | . 130 105 . Destroy 0b10 Robot/C 180 | . 100 80 . Destroy 0b10 Robot/NC 5 | . 5 . . Destroy Leader 20 | . 10 10 . Successful Hack 11 | . 11 . . Destroy Structure 4 | . 4 . . Lose Combat Pursuer 15 | . . 15 . Influence Decreases 235 | . 76 159 . Entered New Map 33 | . . 33 . Time Decay 172 | . 66 106 . Lost Part 30 | . 10 20 . Squads Dispatched 1 | . 1 . . Investigation 1 | . 1 . . Extermination . | . . . . Reinforcement . | . . . . Assault . | . . . . Garrison . | . . . . Intercept . | . . . . Searches Triggered . | . . . . Construction Impeded . | . . . . Haulers Reinforced . | . . . . Active Scanning Responses . | . . . . Cargo Convoy Interrupts . | . . . . Stealth | -11 -10 -10 -10 --------- Run | Yrd Mat Min Sub Distress Signals 1 | . 1 . . Communications Jammed . | . . . . Distress Signals . | . . . . Times Spotted 20 | . 7 5 8 Peak Tracking Total 4 | . 4 2 3 Tactical Retreats 1 | . . 1 . Traps | -11 -10 -10 -10 ------- Run | Yrd Mat Min Sub Traps Triggered 3 | . 2 . 1 Indirectly . | . . . . Trap Hack Attempts . | . . . . Triggered . | . . . . Disarmed . | . . . . Reprogrammed . | . . . . Reused . | . . . . Traps Extracted . | . . . . Installed . | . . . . Triggered . | . . . . Machines | -11 -10 -10 -10 ---------- Run | Yrd Mat Min Sub Machines Disabled . | . . . . Max in Single Turn . | . . . . Machines Repaired . | . . . . Machines Dismantled . | . . . . Machines Sabotaged . | . . . . Overloaded Fab Kills . | . . . . Hacking | -11 -10 -10 -10 --------- Run | Yrd Mat Min Sub Machines Accessed 4 | . 3 . 1 Terminals 3 | . 3 . . Fabricators . | . . . . Repair Stations . | . . . . Recycling Units . | . . . . Scanalyzers . | . . . . Garrison Access . | . . . . Total Hacks 15 | . 6 . 9 Successful 11 | . 2 . 9 Failed 4 | . 4 . . Catastrophic . | . . . . Database Lockouts . | . . . . Manual 3 | . 3 . . Terminals 6 | . 6 . . Fabricators . | . . . . Repair Stations . | . . . . Recycling Units . | . . . . Scanalyzers . | . . . . Garrison Access . | . . . . Terminal Hacks 10 | . 1 . 9 Record 8 | . . . 8 Zone Layout 1 | . 1 . . Proto ID Catalog 1 | . . . 1 Fabricator Hacks . | . . . . Repair Station Hacks . | . . . . Recycling Unit Hacks . | . . . . Scanalyzer . | . . . . Garrison Access Hacks . | . . . . Unauthorized Hacks 1 | . 1 . . Terminals 1 | . 1 . . Assimilate 1 | . 1 . . Fabricators . | . . . . Repair Stations . | . . . . Recycling Units . | . . . . Scanalyzers . | . . . . Garrison Access . | . . . . Data Cores Recovered . | . . . . Used . | . . . . Hacking Detections 1 | . 1 . . Full Trace Events . | . . . . Feedback Events . | . . . . Feedback Blocked . | . . . . Robot Schematics Acquired . | . . . . Robots Built . | . . . . Authchips . | . . . . Time . | . . . . Total Robot Build Rating . | . . . . Part Schematics Acquired . | . . . . Parts Built . | . . . . Authchips . | . . . . Time . | . . . . Total Part Build Rating . | . . . . Part Studies Acquired . | . . . . Parts Repaired . | . . . . Time . | . . . . Parts Recycled . | . . . . Recycled Matter . | . . . . Retrieved Matter . | . . . . Retrieved Components . | . . . . Parts Scanalyzed . | . . . . Part Schematics Acquired . | . . . . Parts Damaged . | . . . . Bothacking | -11 -10 -10 -10 ------------ Run | Yrd Mat Min Sub Used RIF Installer . | . . . . Robots Hacked . | . . . . Non-combat . | . . . . Combat . | . . . . Robot Hacks Applied . | . . . . Relay Couplers Released . | . . . . Fabnet Peak Effective % . | . . . . Robots Rewired . | . . . . Allies Hacked . | . . . . Hacks Repelled . | . . . . Allies | -11 -10 -10 -10 -------- Run | Yrd Mat Min Sub Total Allies . | . . . . Largest Group . | . . . . Highest-Rated Group . | . . . . Highest-Rated Ally . | . . . . Total Orders . | . . . . Ally Attacks . | . . . . Total Damage . | . . . . Kills . | . . . . Allies Corrupted . | . . . . Allies Melted . | . . . . Intel | -11 -10 -10 -10 ------- Run | Yrd Mat Min Sub Active Infowar (turns) 699 | . 289 410 . Structural 699 | . 289 410 . Robot Analysis Total . | . . . . Derelict Logs Recovered 3 | . . 2 1 Drone Launches . | . . . . Drone Recoveries . | . . . . Exploration | -11 -10 -10 -10 ------------- Run | Yrd Mat Min Sub Turns Passed 2847 | 68 341 594 1844 Spaces Moved 984 | 40 175 316 453 Core 7 | 7 . . . Treads 942 | 33 175 316 418 Legs 35 | . . . 35 Wheels . | . . . . Hover . | . . . . Flight . | . . . . Fastest Speed 50 | 50 160 160 160 Average Speed 258 | 140 160 160 375 Slowest Speed 1520 | 160 160 160 1520 Overloaded Moves . | . . . . Propulsion Burnouts . | . . . . Robots Hopped . | . . . . Potential Cave-ins . | . . . . Cave-ins Triggered . | . . . . Exploration Rate (%) 32 | 4 35 56 36 Regions Visited 3 Branch Regions 2 Pre-discovered Areas 1 | . . 1 . Known Exits Taken . | . . . . Unknown Exits Taken 3 | 1 1 1 . Scrap Searched 4 | . . 2 2 Spaces Dug . | . . . . Terrain Destroyed 7 | . 3 . 4 Melee . | . . . . Projectile . | . . . . AOE 7 | . 3 . 4 Terrain Rammed . | . . . . Walls Destroyed . | . . . . Machines Disabled . | . . . . Actions | -11 -10 -10 -10 --------- Run | Yrd Mat Min Sub Total 1139 | 48 202 367 522 Wait 43 | . 4 26 13 Move 981 | 39 174 315 453 Hop . | . . . . Pick Up 14 | 2 2 1 9 Fast Attach 12 | 6 2 3 1 Attach 4 | . . . 4 Detach . | . . . . Swap 7 | 1 . 2 4 Drop 2 | . . . 2 Fire 74 | . 18 20 36 Melee . | . . . . Ram . | . . . . Kick . | . . . . Crush 2 | . 2 . . Escape Stasis . | . . . . Rewire . | . . . . Trap . | . . . . Miscellaneous . | . . . . Route ------- -11/Scrapyard -10/Materials (discovered 2 exits: [*Mat] / [*Min]) -10/Mines (discovered 2 exits: [*Mat] / *Sub) -10/Subcaves (discovered 1 exit: [*Mat]) History --------- Turn | Location | Event 4 | -11/Scrapyard | Discovered new exit (range 15) 69 | -11/Scrapyard | Entered Materials 140 | -10/Materials | Discovered new exit (range 14) 292 | -10/Materials | Discovered new exit (range 16) 313 | -10/Materials | Build established: Mutant 410 | -10/Materials | Entered Mines 816 | -10/Mines | Lost 3 parts (1p1n1w) 860 | -10/Mines | Learned 2 Materials zone layouts 886 | -10/Mines | Discovered new exit (range 8) 996 | -10/Mines | Discovered new exit (range 5) 1004 | -10/Mines | Entered Subcaves 1086 | -10/Subcaves | Shifting Twisted Machinery released Piercing Trap 1090 | -10/Subcaves | Shifting Twisted Machinery released Hvy. Riot Gun 1340 | -10/Subcaves | A swath of the cavern ceiling suddenly collapsed 1564 | -10/Subcaves | Visited 4L-MR0's lab 1776 | -10/Subcaves | Build established: Hauler-Mutant 1883 | -10/Subcaves | Shifting Twisted Machinery released Battle Rifle 1898 | -10/Subcaves | Shifting Twisted Machinery released Flamer 2238 | -10/Subcaves | A swath of the cavern ceiling suddenly collapsed 2496 | -10/Subcaves | Core integrity fell below 50% 2593 | -10/Subcaves | Core integrity fell below 20% 2772 | -10/Subcaves | Discovered new exit (range 13) 2844 | -10/Subcaves | A Subdweller sparked back to life 2844 | -10/Subcaves | A Subdweller sparked back to life 2844 | -10/Subcaves | A Subdweller sparked back to life 2848 | -10/Subcaves | Destroyed by JW-7XF(R) with Subdweller Shrapnel Launcher Last Messages --------------- Monowheel. 02649_ Subatomizers dissect the Corrupted Sub. Monowheel, destroying it. 02672_ Subatomizers dissect the Corrupted Sub. Optics. 02677_ P5OCGCMK%UIKZMBWB# YV%QT 02683_ Subatomizers dissect the Corrupted Sub. Optics. 02730_ System corrupted: Heat flow error (+111). 02772_ EXIT=FOUND 02794_ System corrupted: Matter fused (-9). 02815_ GC=|7AL>H%G